 Dungeon Crawl Stone Soup version 0.23-a0-713-ge59bbb1 (webtiles) character file.

136 JeffiDaFish the Grave Robber (level 4, -2/21 HPs)
             Began as a Spriggan Necromancer on Jan 16, 2019.
             Slain by a centaur zombie (6 damage)
             ... on level 4 of the Dungeon.
             The game lasted 00:05:03 (4598 turns).

JeffiDaFish the Grave Robber (Spriggan Necromancer) Turns: 4598, Time: 00:05:03

Health: -2/21      AC:  3    Str:  4    XL:     4   Next: 98%
Magic:  4/10       EV: 20    Int: 17    God:
Gold:   225        SH:  4    Dex: 16    Spells: 3/10 levels left

rFire    . . .     SeeInvis +   d - +0 dagger
rCold    + + .     Gourm    .   (shield restricted)
rNeg     . . .     Faith    .   a - +1 robe
rPois    .         Spirit   .   (helmet restricted)
rElec    .         Reflect  +   (no cloak)
rCorr    .         Harm     .   (gloves unavailable)
MR       +....                  (boots unavailable)
Stlth    ++........             i - +4 amulet of reflection
HPRegen  1.07/turn              g - ring of protection from cold
MPRegen  0.12/turn              (no ring)

@: regenerating, very quick
A: very small, unfitting armour, see invisible, cold resistance 1, herbivore,
speed 3, magic resistance 1, slow metabolism 2
a: no special abilities


You were on level 4 of the Dungeon.
You were very hungry.

You visited 1 branch of the dungeon, and saw 4 of its levels.

You collected 225 gold pieces.

Inventory:

Hand Weapons
 d - a +0 dagger (weapon)
Armour
 a - a +1 robe (worn)
Jewellery
 g - a ring of protection from cold (left hand)
 i - a +4 amulet of reflection (around neck)
 k - a +4 amulet of reflection
Scrolls
 b - a scroll of amnesia
 e - 5 scrolls of magic mapping
 j - 2 scrolls of teleportation
 l - a scroll of remove curse
 m - a scroll of enchant armour
 n - a scroll of identify
Potions
 f - 4 potions of curing
 h - 2 potions of mutation
Comestibles
 c - 8 rations


   Skills:
 + Level 4.5 Dodging
 - Level 3.0 Stealth
 + Level 3.9 Spellcasting
 * Level 4.8 Necromancy


You had 3 spell levels left.
You knew the following spells:

 Your Spells              Type           Power        Failure   Level  Hunger
a - Pain                  Necr           ###.         2%          1    None
b - Vampiric Draining     Necr           ###.......   7%          3    ###....
c - Regeneration          Chrm/Necr      ##........   19%         3    ###....

Your spell library contained the following spells:

 Spells                   Type           Power        Failure   Level  Hunger
 Animate Skeleton         Necr           N/A          2%          1    None
 Animate Dead             Necr           N/A          22%         4    ####...


Dungeon Overview and Level Annotations

Branches:
Dungeon (4/15)
 Temple: D:4-7

Altars:
Gozag
Wu Jian
Zin


Innate Abilities, Weirdness & Mutations

You are very small and have problems with some larger weapons.
You are too small for most types of armour.
You have supernaturally acute eyesight. (SInv)
You are a herbivore.
You cover ground extremely quickly.
You need to consume almost no food.
Your flesh is cold resistant. (rC+)
You are resistant to hostile enchantments. (MR+)


Message History

The centaur zombie closely misses you. The centaur zombie misses you.
You hit the centaur zombie.
The centaur zombie is heavily damaged.
The centaur zombie hits you but does no damage.
You hit the centaur zombie.
The centaur zombie is severely damaged.
The centaur zombie hits you.
* * * LOW HITPOINT WARNING * * *
You hit the centaur zombie.
The centaur zombie is severely damaged.
The centaur zombie completely misses you.
The centaur zombie hits you.
* * * LOW HITPOINT WARNING * * *
You hit the centaur zombie.
The centaur zombie is severely damaged.
The centaur zombie completely misses you.
Casting: Regeneration (safe; 19% risk of failure)
Confirm with . or Enter, or press ? or * to list all spells.
Your skin crawls.
The centaur zombie hits you.
You die...

. ###. ..... .
#...(###############....
#...........@Z........
####..########.###....
##..#######.# .
#..........#
###......##.
#####..####....
###.......# ##
####...#####..# .....###
#....


You could see a centaur zombie.

Vanquished Creatures
  A hound (D:3)
  A hound skeleton (D:4)
  4 adders
  An ooze (D:3)
  2 adder zombies (D:4)
  2 worms
  A dart slug (D:1)
  A leopard gecko (D:4)
  6 bats
  2 giant cockroaches
  3 goblins
  3 hobgoblins
  2 jackals (D:2)
  4 kobolds
  2 quokkas
  2 frilled lizards (D:3)
  5 rats
42 creatures vanquished.

Notes
Turn   | Place    | Note
-------+----------+-------------------------------------------
     0 | D:1      | JeffiDaFish the Spriggan Necromancer began the quest for
                  | the Orb.
     0 | D:1      | Reached XP level 1. HP: 9/9 MP: 5/5
   637 | D:1      | Gained mutation: You are resistant to hostile enchantments.
                  | (MR+) [potion of mutation]
   637 | D:1      | Gained mutation: Your flesh is cold resistant. (rC+)
                  | [potion of mutation]
   903 | D:2      | Reached XP level 2. HP: 12/13 MP: 3/6
  2166 | D:2      | Reached XP level 3. HP: 12/16 MP: 1/8
  2229 | D:2      | Learned a level 3 spell: Vampiric Draining
  2233 | D:2      | Learned a level 3 spell: Regeneration
  2379 | D:2      | Found a glowing silver altar of Zin.
  3377 | D:3      | Reached XP level 4. HP: 14/21 MP: 2/10
  3950 | D:3      | Found an opulent altar of Gozag.
  3981 | D:3      | Found an ornate altar of the Wu Jian Council.
  4155 | D:4      | Noticed an ogre
  4598 | D:4      | Slain by a centaur zombie

Vault maps used:
D:1:      lightli_arrival_flooded_house
D:2:      old_standard_altar, first_ration, serial_curves, eino_curves_02,
          eino_curves_04
D:3:      overflow_temple_1_default, grunt_gozag_breadcrumbs
D:4:      led_sif_book, serial_undead, serial_undead_c, serial_undead_c,
          serial_undead_e, serial_undead_d, serial_shops, shop

Skill      XL: |  1  2  3 |
---------------+----------+-----
Spellcasting   | 3 |  3.9
Necromancy     | 4 |  4.8
Dodging        | 4 |  4.5
Stealth        | |  3.0

Action                   |  1- 3 |  4- 6 || total
-------------------------+-------+-------++-------
Melee: Dagger            |     1 |    96 ||    97
 Cast: Pain              |    70 |    28 ||    98
       Regeneration      |       |     3 ||     3
  Use: Potion            |     6 |       ||     6
       Scroll            |     7 |       ||     7
Armor: Robe              |     1 |    11 ||    12
Dodge: Dodged            |    10 |    69 ||    79
Block: Other             |     2 |    18 ||    20

Table legend:
 A = Non-vault XP
 B = Vault XP
 C = Vault XP percentage of total XP
 D = Non-vault monster count
 E = Vault monster count
 F = Vault count percentage of total count
                 A         B        C        D         E       F
            +---------+---------+-------+---------+---------+-------
      Total |     183 |      12 |   6.2 |      40 |       2 |   4.8
            +---------+---------+-------+---------+---------+-------
        D:1 |      10 |       0 |   0.0 |       6 |       0 |   0.0
        D:2 |      43 |       0 |   0.0 |      16 |       0 |   0.0
        D:3 |      97 |       0 |   0.0 |      15 |       0 |   0.0
        D:4 |      33 |      12 |  26.7 |       3 |       2 |  40.0
            +---------+---------+-------+---------+---------+-------
